 Dungeon Crawl Stone Soup version 0.28-a0-1184-g53156a8862 (webtiles) character file.

Game seed: 11675860846918125611

200 timneilson the Skirmisher (level 5, -3/63 HPs)
             Began as a Demonspawn Abyssal Knight on Dec 17, 2021.
             Was a Believer of Lugonu.
             Slain by an orc warrior (6 damage)
             ... on level 3 of the Dungeon.
             The game lasted 00:05:11 (2381 turns).

timneilson the Skirmisher (DsAK)                    Turns: 2381, Time: 00:05:12

Health: -3/63      AC: 22    Str: 15    XL:     5   Next: 49%
Magic:  7/7        EV:  2    Int: 12    God:    Lugonu [**....]
Gold:   165        SH:  4    Dex: 13    Spells: 4/4 levels left

rFire   . . .      SeeInvis .   a - +1 falchion
rCold   . . .      Faith    .   (no shield)
rNeg    . . .      Spirit   .   (armour currently unavailable)
rPois   +          Reflect  .   (helmet currently unavailable)
rElec   .          Harm     .   (cloak currently unavailable)
rCorr   .          Rampage  .   (gloves currently unavailable)
Will    .....      NoTele   +   (boots currently unavailable)
Stlth   +.........              (no amulet)
HPRegen 0.20/turn               c - +4 ring of evasion
MPRegen 0.10/turn               l - ring of poison resistance

@: tree-form
A: stationary, stasis, torment immunity, boosted hp, (antennae 2), rugged brown
scales 1, condensation shield
a: Renounce Religion, Depart the Abyss, Bend Space


You were on level 3 of the Dungeon.
You worshipped Lugonu.
Lugonu was pleased with you.
You were a tree.
You visited 1 branch of the dungeon, and saw 3 of its levels.
You visited the Abyss 1 time.

You collected 165 gold pieces.

Inventory:

Hand Weapons
 a - a +1 falchion (weapon)
Armour
 h - a +0 pair of gloves (melded)
 i - a +0 chain mail (melded)
Jewellery
 c - a +4 ring of evasion (left branch)
 l - a ring of poison resistance (right branch)
Wands
 f - a wand of paralysis (4)
Potions
 d - 2 potions of attraction {unknown}
 e - a potion of ambrosia {unknown}
 g - a potion of lignification
 j - 2 potions of mutation {unknown}
 k - a potion of magic {unknown}
 m - a potion of cancellation {unknown}


   Skills:
 + Level 3.4 Fighting
 * Level 3.0 Long Blades
 * Level 3.0 Armour
 + Level 1.6 Dodging
 + Level 3.4 Invocations
 + Level 1.6 Evocations


You had 4 spell levels left.
You didn't know any spells.
Your spell library contained the following spells:

 Spells                   Type           Power      Damage    Failure   Level
 Summon Small Mammal      Summ           0%         N/A       32%         1
 Call Canine Familiar     Summ           0%         N/A       69%         3
 Summon Guardian Golem    Hex/Summ       0%         N/A       69%         3


Dungeon Overview and Level Annotations

Branches:
Dungeon (3/15)

Altars:
Uskayaw


Innate Abilities, Weirdness & Mutations

You are a tree.
Your roots penetrate the ground, keeping you stationary.
You cannot be teleported.
You are immune to unholy pain and torment.
Your maximum health is greatly increased.
Your equipment is partially melded.
((You have a pair of antennae on your head.))
(You are partially covered in rugged brown scales. (AC +1, +3% HP))
A meltable shield of frost defends you. (SH +4)


Message History

You hit the orc warrior but do no damage.
The orc warrior hits you with a +0 trident.
You closely miss the orc warrior.
The orc warrior hits you with a +0 trident!
You hit the orc warrior but do no damage.
The orc warrior hits you with a +0 trident.
A kobold comes into view. It is wielding a +0 short sword.
The orc warrior hits you but does no damage.
You hit the orc warrior.
The orc warrior is lightly wounded.
The orc warrior hits you with a +0 trident.
You barely miss the orc warrior.
The orc warrior is lightly wounded.
The orc warrior hits you with a +0 trident!
* * * LOW HITPOINT WARNING * * *
You slash the orc warrior!
The orc warrior is heavily wounded.
The orc warrior hits you with a +0 trident!
* * * LOW HITPOINT WARNING * * *
You closely miss the orc warrior.
The orc warrior is heavily wounded.
The orc warrior hits you but does no damage.
You hit the orc warrior.
The orc warrior is heavily wounded.
The orc warrior hits you but does no damage.
The orc wizard gestures wildly while chanting.
The orc wizard flickers and vanishes!
Deactivating autopickup; reactivate with Ctrl-A.
You closely miss the orc warrior.
The orc warrior is heavily wounded.
The orc warrior hits you with a +0 trident.
* * * LOW HITPOINT WARNING * * *
You closely miss the orc warrior.
The orc warrior is heavily wounded.
The orc warrior hits you but does no damage.
The orc warrior barely misses you.
You barely miss the orc warrior.
The orc warrior is heavily wounded.
The orc warrior hits you with a +0 trident.
You die...

########
#......#
#.####.#
#.####.#
#♣#....#
#o#.####
#{#.#..
#o#.#.# #.#
.K#.#.# #.#
###.#.###.#
#.#)#.#...#
#...#.#.#.#
#.......#.#


You could see an orc warrior, an orc and a kobold.

Vanquished Creatures
  Natasha (thrice) (D:2)
  6 adders (D:2)
  A gnoll (D:1)
  A dart slug (D:3)
  3 orcs (D:3)
  5 bats
  5 endoplasms
  2 giant cockroaches
  3 goblins
  7 hobgoblins
  10 kobolds
  3 quokkas
  4 ball pythons
  3 frilled lizards
  4 rats
60 creatures vanquished.

Notes
Turn   | Place    | Note
-------+----------+-------------------------------------------
     0 | Abyss:1  | timneilson the Demonspawn Abyssal Knight began the quest
                  | for the Orb.
     0 | Abyss:1  | Reached XP level 1. HP: 18/18 MP: 2/2
    13 | Abyss:1  | Found a corrupted altar of Lugonu.
    77 | Abyss:2  | Noticed a sixfirhy
    78 | D:1      | Escaped the Abyss
   240 | D:1      | Reached skill level 1 in Dodging
   240 | D:1      | Gained mutation: A meltable shield of frost defends you.
                  | (SH +4) [demonic ancestry]
   240 | D:1      | Reached XP level 2. HP: 24/24 MP: 3/3
   256 | D:1      | Reached * piety under Lugonu
   515 | D:1      | Found a hide-covered altar of Uskayaw.
   653 | D:1      | Found a faded altar of an unknown god.
   721 | D:1      | Gained mutation: You have a pair of small antennae on your
                  | head. [demonic ancestry]
   721 | D:1      | Reached XP level 3. HP: 24/29 MP: 5/5
  1206 | D:2      | Noticed Natasha
  1212 | D:2      | Killed Natasha
  1213 | D:2      | Reached skill level 1 in Evocations
  1213 | D:2      | Gained mutation: You are partially covered in rugged brown
                  | scales. (AC +1, +3% HP) [demonic ancestry]
  1213 | D:2      | Reached XP level 4. HP: 15/36 MP: 6/6
  1247 | D:2      | Noticed Natasha
  1259 | D:2      | Killed Natasha
  1688 | D:2      | Reached ** piety under Lugonu
  1743 | D:2      | Gained mutation: You have a pair of antennae on your head.
                  | [demonic ancestry]
  1743 | D:2      | Reached XP level 5. HP: 42/42 MP: 7/7
  1845 | D:2      | Noticed Natasha
  1851 | D:2      | Killed Natasha
  2361 | D:3      | Noticed an orc warrior
  2379 | D:3      | HP: 3/63 [orc warrior (2)]
  2381 | D:3      | Slain by an orc warrior

Illustrated notes

Levels and vault maps discovered:
D:1:      dpeg_arrival_simpleton_c, layout_basic,
          shapermc_ecumenical_altar_starsandcircs, kennysheep_flooded_box
D:2:      layout_loops_ring, uniq_natasha
D:3:      layout_basic, uniq_terence

Skill      XL: |  1  2  3  4  5 |
---------------+----------------+-----
Long Blades    | 2 3 |  3.0
Armour         | 2 3 |  3.0
Dodging        | 1 |  1.6
Invocations    | 3 |  3.4
Evocations     | 1 |  1.6
Fighting       | |  3.4

Action                   |  1- 3 |  4- 6 || total
-------------------------+-------+-------++-------
Melee: Falchion          |    97 |   119 ||   216
Invok: Depart the Abyss  |     1 |       ||     1
  Use: Scroll            |     3 |     1 ||     4
       Potion            |       |     1 ||     1
Armor: Leather armour    |    29 |    14 ||    43
       Chain mail        |       |    19 ||    19
       Skin              |       |     4 ||     4
Dodge: Dodged            |    83 |    65 ||   148
Block: Other             |    18 |    21 ||    39

Table legend: (Time is in decaauts)
 A = Elapsed time spent in this place.
 B = Non-inter-level travel time spent in this place.
 C = Inter-level travel time spent in this place.
 D = Time resting spent in this place.
 E = Time spent auto-exploring this place.
 F = Levels seen in this place.
 G = Mean time per level.
                   A        B        C        D        E       F      G
               +--------+--------+--------+--------+--------+-----+--------+
         Total |   2430 |   2402 |     28 |    369 |   1366 |   5 |  486.0 |
       Dungeon |   2352 |   2324 |     28 |    369 |   1366 |   3 |  784.0 |
         Abyss |     77 |     77 |      0 |      0 |      0 |   2 |   38.5 |
               +--------+--------+--------+--------+--------+-----+--------+

Top non-repeatable levels by time:
     D:1: 1110 daAuts
     D:2: 1063 daAuts
     D:3: 178 daAuts
 Abyss:2: 45 daAuts
 Abyss:1: 32 daAuts
